Workbook
Name sheet007_Print_Area: '5. Remittances'!$S$1

Sheet Cover
B1: WORKER IDENTIFICATION
B3: cod_int
B5: hh_id
B7: sample_type
E8: 1 | F8: RDD | H8: hh_id 12001 …
E9: 2 | F9: NEW | H9: hh_id 20001 …
E10: 3 | F10: PANEL | H10: hh_id 30001 …
E11: 4 | F11: SCREENING | H11: hh_id 40001 …
E12: 5 | F12: LIST | H12: hh_id lista al 1 al 11618
B14: order | I14: DB_EDITING: renombrar por w_order
E15: 1 | F15: FIRST WORKER
E16: 2 | F16: SECOND WORKER
B18: w_id | M18: 0 | N18: 0
M19: id_member
B20: w_hcountry
E21: 676 | F21: TONGA
E22: 678 | F22: VANUATU
E23: 686 | F23: KIRIBATI
B25: w_name
B27: w_phone_1
B29: w_phone_2
B31: w_status
E32: 1 | F32: CURRENTLY WORKING
E33: 2 | F33: RETURNED WORKER
E34: 3 | F34: CONTRACT ENDED
B36: w_hostc
E37: 610 | F37: AUSTRALIA
E38: 640 | F38: NEW ZEALAND
B40: w_workp
E41: 1 | F41: SWP
E42: 2 | F42: PLS
E43: 3 | F43: RSE
B45: w_call_type
E46: 1 | F46: VOIP
E47: 2 | F47: LOCAL
B49: provider
E50: 1 | F50: UCALL
E51: 2 | F51: DIGICEL
E52: 3 | F52: VODAFONE
E53: 4 | F53: DIGICEL
E54: 5 | F54: OCEANLINK
E55: 6 | F55: VODAFONE
B57: w_phone_type
E58: 1 | F58: MOBILE
E59: 2 | F59: LANDLINE

Sheet 1. Sociodem
C1: SECTION 1. SOCIODEMOGRAPHICS
B3: 1.08 | C3: What is your gender?
D4: 1 | E4: MALE | G4: =MID(D4,3,10)
D5: 2 | E5: FEMALE
B7: =B3+0.01 -> 1.09 | C7: What is your age?
I8: CATI RANGE: MIN 18 AND MAX 70
B10: =B7+0.01 -> 1.1 | C10: What is your marital status?
D11: 1 | E11: SINGLE (NEVER MARRIED)
D12: 2 | E12: LEGALLY MARRIED
D13: 3 | E13: CUSTOMARY MARRIED, LIVE-IN, DE FACTO, ENGAGED
D14: 4 | E14: DIVORCED / SEPARATED
D15: 5 | E15: WIDOWED
B17: =B10+0.01 -> 1.11 | C17: Have you ever attended school or any educational institution?
D18: 1 | E18: YES
D19: 2 | E19: NO | L19: >> | M19: =B42 -> 1.13
B21: =B17+0.01 -> 1.12 | C21: What is the highest level of education you have completed?
D22: 0 | E22: Pre-primary (kindergarten)
D23: 1 | E23: GRADE 1
D24: 2 | E24: GRADE 2
D25: 3 | E25: GRADE 3
D26: 4 | E26: GRADE 4
D27: 5 | E27: GRADE 5
D28: 6 | E28: GRADE 6
D29: 7 | E29: GRADE 7
D30: 8 | E30: GRADE 8
D31: 9 | E31: YEAR 9
D32: 10 | E32: YEAR 10
D33: 11 | E33: YEAR 11
... D40: 18 | E40: POST-GRADUATE (MA, MSC, PHD)
B42: =B21+0.01 -> 1.13 | C42: When did you arrive in [w_hostc]?
C43: INTERVIEWER: PROBE FOR THE MONTH AND YEAR OF THE CURRENT OR THE LASTEST TRIP.
D44: MONTH | I44: CATI RANGE: MIN 1 MAX 12
D45: YEAR | I45: CATI RANGE: MIN 2005 MAX 2022

Sheet 2. Health
D1: SECTION 2. HEALTH
D3: Now I will ask for information regarding health.
D4: ="CATI: IF [w_status]=1 ASK THE FIRST QUESTION OTHERWISE THE SECOND QUESTION" -> CATI: IF [w_status]=1 ASK THE FIRST QUESTION OTHERWISE THE SECOND QUESTION
C5: =2.01 -> 2.01 | D5: How is your health now as compared to before you arrived in [w_hostc]?
D6: How was your health when working in [w_hostc] compared to before you arrived?
E7: 1 | F7: Much better now
E8: 2 | F8: Somewhat better now
E9: 3 | F9: About the same
E10: 4 | F10: Somewhat worse now
E11: 5 | F11: Much worse now
C13: =C5+0.01 -> 2.02 | D13: Did you suffer any of the following symptoms since you arrived in [w_hostc] this trip?
D14: Did you suffer any of the following symptoms while working in [w_hostc]?
D15: INTERVIEWER: READ ALL OPTIONS
E16: a | F16: Muscle weakness
E17: b | F17: Chest pain
E18: c | F18: Abdominal pain
E19: d | F19: Muscle cramps
E20: e | F20: Swelling
E21: f | F21: Anxiety
E22: g | F22: Depression
E23: h | F23: Dizziness/ vertigo
E24: i | F24: Dental problems
E25: j | F25: Boils
E26: k | F26: Skin rashes & allergies
E27: l | F27: NONE
F28: ="CATI: IF "&C13&" = NONE ALL THE REST SHOULD BE BLANK BLOCKING MESSAGE Check, none and other responses" -> CATI: IF 2.02 = NONE ALL THE REST SHOULD BE BLANK BLOCKING MESSAGE Check, none and other responses
D30: ="CATI: IF "&C13 &" != NONE GO TO "&C31&" OTHERWISE GO TO "&C49 -> CATI: IF 2.02 != NONE GO TO 2.03 OTHERWISE GO TO 2.06
C31: =C13+0.01 -> 2.03 | D31: Were any of these symptoms related to your work in [w_hostc]?
E32: 1 | F32: YES
E33: 2 | F33: NO
E34: 98 | F34: DON’T KNOW
C36: =C31+0.01 -> 2.04 | D36: Did you visit a medical facility to seek treatment for these symptoms?
E37: 1 | F37: YES | M37: >> | N37: =C49 -> 2.06
E38: 2 | F38: NO
C40: =C36+0.01 -> 2.05 | D40: What is the main reason why did you not visit a medical facility to seek treatment?
E41: 1 | F41: COULD NOT AFFORD IT
E42: 2 | F42: I COULD NOT FIND THE TIME
E43: 3 | F43: I DID NOT GET PERMISSION TO LEAVE WORK
E44: 4 | F44: IT WAS TOO FAR / TOO DIFFICULT TO GET TO THE PLACE
E45: 5 | F45: DO NOT TRUST LOCAL DOCTORS
E46: 6 | F46: IT WAS NOT NECESSARY
E47: 97 | F47: OTHER (SPECIFY)
C49: =C40+0.01 -> 2.06 | D49: Have you ever had COVID-19?
E50: 1 | F50: YES
E51: 2 | F51: NO | M51: >> | N51: SECTION 3
E52: 3 | F52: NOT SURE | M52: >> | N52: SECTION 3
C54: =C49+0.01 -> 2.07 | D54: Did you have it before you go or during your stay in [w_hostc]?
E55: 1 | F55: BEFORE THE TRIP
E56: 2 | F56: DURING THE TRIP
E57: 3 | F57: AFTER THE TRIP
D58: ="CATI VALIDATION: IF "&'1. Sociodem'!B42&"_YEAR < 2020 AND "&'2. Health'!C54&"!=3 BLOCKING MESSAGE The respondent's last trip was before 2020. " -> CATI VALIDATION: IF 1.13_YEAR < 2020 AND 2.07!=3 BLOCKING MESSAGE The respondent's last trip was before 2020.

Sheet 3. Labor
C1: SECTION 3. LABOUR MARKET ACTIVITY
C3: Now I will ask you for information regarding your labor activity in the program [w_workp].
C4: ="CATI: IF "&#REF!&" != 3 ASK THE FIRST QUESTION OTHERWISE THE SECOND QUESTION" -> #REF!
B5: 3.01 | C5: In the last month, what is the main task that you have been working on?
C6: While working in [w_hostc], what was the main task that you have been working on?
D7: 1 | E7: MEAT WORK
D8: 2 | E8: PACKING
D9: 3 | E9: PRUNING
D10: 4 | E10: PICKING FRUITS
D11: 5 | E11: DRIVING TRACTOR
D12: 6 | E12: GROWING CROPS
D13: 7 | E13: CLEANING
D14: 8 | E14: COOKING
D15: 9 | E15: PROVIDING GUEST SERVICES
D16: 10 | E16: FRONT-DESK RECEPTION
D17: 11 | E17: ADMINISTRATIVE SUPPORT
D18: 12 | E18: PROVIDING PERSONAL CARE FOR AGED-CARE RESIDENTS
... D21: 97 | E21: OTHER (SPECIFY)
B23: =B5+0.01 -> 3.02 | C23: What is the activity of the business or organization in which you worked in the last month in [w_hostc]?
C24: What was the activity of the business or organization in which you worked in [w_hostc]?
C25: INTERVIEWER: PROBE THE ACTIVITY TO MATCH WITH THE ANSWERS LIST BEFORE RECORDING OTHER (SPECIFY)
D26: 1 | E26: HORTICULTURE
D27: 2 | E27: VITICULTURE
D28: 3 | E28: AGED CARE SERVICES
D29: 4 | E29: ACCOMMODATION/ HOSPITALITY
D30: 5 | E30: MEAT PROCESSING
D31: 97 | E31: OTHER (SPECIFY)
D32: ="CATI VALIDATION: IF ("&C23&" =1 OR = 2) AND ("&C7& " = 7 OR = 8 OR = 12) ALERT MESSAGE The main task is not related with the activity of the business, prompt if the information is correct" -> CATI VALIDATION: IF (What is the activity of the business or organization in which you worked in the last month in [w_hostc]? =1 OR = 2) AND ( = 7 OR = 8 OR = 12) ALERT MESSAGE The main task is not related with the activity of the business, prompt if the information is correct
D34: ="CATI VALIDATION: IF ("&C23&" =3 OR = 4) AND ("&C7& " >= 1 AND <= 6) ALERT MESSAGE: The main task is not related with the activity of the business, prompt if the information is correct" -> CATI VALIDATION: IF (What is the activity of the business or organization in which you worked in the last month in [w_hostc]? =3 OR = 4) AND ( >= 1 AND <= 6) ALERT MESSAGE: The main task is not related with the activity of the business, prompt if the information is correct
B36: =B23+0.01 -> 3.03 | C36: In the last 7 days, how many hours did you work?
C37: Per week, how many hours did you work?
H38: CATI: MIN 1 MAX 120
B40: =B36+0.01 -> 3.04 | C40: While in [w_hostc] this trip, have you ever received less than 15 hours work in a week not by choice?
C41: While in [w_hostc], have you ever received less than 15 hours work in a week not by choice?
D42: 1 | E42: YES
D43: 2 | E43: NO | K43: >>> | L43: =B51 -> 3.06
B45: =B40+0.01 -> 3.05 | C45: While in [w_hostc] this trip, have you ever received zero hours work in a week not by choice?
C46: While in [w_hostc], have you ever received zero hours work in a week not by choice?
C47: INTERVIEWER: IF THE WORKER JUST ARRIVED AT THE HOST COUNTRY REGISTER NO
D48: 1 | E48: YES
D49: 2 | E49: NO
B51: =B45+0.01 -> 3.06 | C51: Since you arrived in [w_host], how many employers did you have during this trip?
C52: While working in [w_hostc], how many employers did you have?
H54: CATI RANGE: MIN 1 MAX 20
B56: =B51+0.01 -> 3.07 | C56: Overall, how satisfied are you with your current job? Please answer on a scale of 1 to 10, with 1= Not at all satisfied; 5= It was just ok; 10= Extremely satisfied
C58: Overall, how satisfied were you with your job? Please answer on a scale of 1 to 10, with 1= Not at all satisfied; 5= It was just OK; 10= Extremely satisfied
D60: 1 | E60: NOT AT ALL SATISFIED
D61: 2
D62: 3
D63: 4
D64: 5 | E64: IT WAS JUST OK
D65: 6
D66: 7
D67: 8
D68: 9
D69: 10 | E69: EXTREMELY SATISFIED

Sheet 4. Income & Exp
C1: SECTION 4. INCOME AND EXPENDITURE
C3: The following questions are about your income and expenditure in the program [w_workp].
C4: ="CATI: IF "&#REF!&" != 3 ASK THE FIRST QUESTION OTHERWISE THE SECOND QUESTION" -> #REF!
C5: CATI: IF w_hostc=610 SHOW [currency] AUD IF w_hostc=640 SHOW [currency] NZD
B6: =4.01 -> 4.01 | C6: How much did you earn last week after taxes and deductions?
C7: How much did you earn per week after taxes and deductions?
C8: INTERVIEWER: PROBE HOW MUCH THE RESPONDENT USUALLY EARNS IN A WEEK
E9: AMOUNT | I9: [currency] | M9: CATI RANGE: MIN 0 MAX 10000
B11: =B6+0.01 -> 4.02 | C11: Your earnings from working in [w_workp] are …
C12: Your earnings from working in [w_workp] were …
D13: 1 | E13: more than expected? | M13: >> | N13: =B24 -> 4.04
D14: 2 | E14: as much as expected? | M14: >> | N14: =B24 -> 4.04
D15: 3 | E15: less than expected?
B17: =B11+0.01 -> 4.03 | C17: Why?
C18: INTERVIEWER: READ EACH ITEM AND SELECT ALL THAT APPLY
D19: a | E19: THE PAY PER HOUR OR PER PIECE WAS LOWER THAN EXPECTED
D20: b | E20: THE HOURS OF WORK WERE LESS THAN EXPECTED
D21: c | E21: MORE DEDUCTIONS THAN EXPECTED
D22: d | E22: OTHER (SPECIFY)
B24: =B17+0.01 -> 4.04 | C24: Besides rent and remittances, how much did you spend last week out of your pocket for …
C25: Besides rent and remittances, how much did you spend per week out of your pocket for …
C26: INTERVIEWER: IF NONE WRITE "0" (ZERO), NON RESPONSE -1.
D27: a | E27: Food?
E28: AMOUNT | I28: [currency] | M28: CATI RANGE: MIN 0 MAX 10000
D29: b | E29: Phone and internet?
E30: AMOUNT | I30: [currency] | M30: =M28 -> CATI RANGE: MIN 0 MAX 10000
D31: c | E31: Entertainment?
E32: AMOUNT | I32: [currency] | M32: =M30 -> CATI RANGE: MIN 0 MAX 10000
D33: d | E33: Cigarettes?
E34: AMOUNT | I34: [currency] | M34: =M28 -> CATI RANGE: MIN 0 MAX 10000
D35: e | E35: Alcohol / kava?
E36: AMOUNT | I36: [currency] | M36: =M28 -> CATI RANGE: MIN 0 MAX 10000
D37: f | E37: Any other expenditures not mentioned before?
F38: AMOUNT | J38: [currency] | M38: CATI RANGE: MIN 0 MAX 99999, IF NON RESPONSE -1
C39: ="CATI: IF "&B24&"a +"&B24&"b +"&B24&"c +"&B24&"d +"&B24&"e +"&B24&"f =0 ALERT MESSAGE Make certain there was no spending in the last week" -> CATI: IF 4.04a +4.04b +4.04c +4.04d +4.04e +4.04f =0 ALERT MESSAGE Make certain there was no spending in the last week
C40: ="CATI: IF "&B24&"a +"&B24&"b +"&B24&"c +"&B24&"d +"&B24&"e +"&B24&"f > "&B6&" ALERT MESSAGE The expenses per week are higher than the amount earned, probe if that is correct" -> CATI: IF 4.04a +4.04b +4.04c +4.04d +4.04e +4.04f > 4.01 ALERT MESSAGE The expenses per week are higher than the amount earned, probe if that is correct
C42: In the following questions please specify how much you spent out of your pocket and how much was deducted from your salary by your employer.
C43: INTERVIEWER: IF THE RESPONDENT HAS TROUBLE RECALLING OR CALCULATING, E.G. CONVERTING WEEKLY TO MONTHLY EXPENSES, USE A CALCULATOR TO ASSIST.
B45: =B24+0.01 -> 4.05 | C45: How much did you spend last month in [w_hostc] in accommodation...
C46: How much did you spend per month in [w_hostc] in accommodation...
C47: INTERVIEWER: IF NONE WRITE "0" (ZERO), NON RESPONSE -1.
D48: a | E48: out of your pocket?
E49: AMOUNT | I49: [currency] | M49: CATI RANGE: MIN 0 MAX 10000
D50: b | E50: deducted from salary?
E51: AMOUNT | I51: [currency] | M51: CATI RANGE: MIN 0 MAX 10000, IF NON RESPONSE -1
C52: ="CATI: IF "&B45&"a +"&B45&"b =0 ALERT MESSAGE Make certain there was no spending in the last month" -> CATI: IF 4.05a +4.05b =0 ALERT MESSAGE Make certain there was no spending in the last month
C53: ="CATI: IF "&B45&"a +"&B45&"b > "&B6&"*4 ALERT MESSAGE The expenses last month are higher than the total amount earned, probe if that is correct" -> CATI: IF 4.05a +4.05b > 4.01*4 ALERT MESSAGE The expenses last month are higher than the total amount earned, probe if that is correct
B55: =B45+0.01 -> 4.06 | C55: How much did you spend last month in [w_hostc] on health insurance?
C56: How much did you spend per month in [w_hostc] in health insurance ...
C57: INTERVIEWER: IF NONE WRITE "0" (ZERO), NON RESPONSE -1.
D58: a | E58: out of your pocket?
E59: AMOUNT | I59: [currency] | M59: CATI RANGE: MIN 0 MAX 99999, IF NON RESPONSE -1
D60: b | E60: deducted from salary?
E61: AMOUNT | I61: [currency] | M61: CATI RANGE: MIN 0 MAX 99999, IF NON RESPONSE -1
B63: =B55+0.01 -> 4.07 | C63: How much did you spend last month in [w_hostc] in flight?
C64: How much did you spend per month in [w_hostc] in flight...
C65: INTERVIEWER: IF NONE WRITE "0" (ZERO), NON RESPONSE -1.
D66: a | E66: out of your pocket?
E67: AMOUNT | I67: [currency] | M67: CATI RANGE: MIN 0 MAX 99999
D68: b | E68: deducted from salary?
E69: AMOUNT | I69: [currency] | M69: CATI RANGE: MIN 0 MAX 99999, IF NON RESPONSE -1
B71: =B63+0.01 -> 4.08 | C71: How much did you spend last month in [w_hostc] in Transport?
C72: How much did you spend per month in [w_hostc] in transport...
C73: INTERVIEWER: IF NONE WRITE "0" (ZERO), NON RESPONSE -1.
D74: a | E74: out of your pocket?
E75: AMOUNT | I75: [currency] | M75: =M67 -> CATI RANGE: MIN 0 MAX 99999
D76: b | E76: deducted from salary?
E77: AMOUNT | I77: [currency] | M77: CATI RANGE: MIN 0 MAX 99999, IF NON RESPONSE -1
C78: ="CATI: IF "&B71&"a +"&B71&"b =0 ALERT MESSAGE Make certain there was no spending in the last month" -> CATI: IF 4.08a +4.08b =0 ALERT MESSAGE Make certain there was no spending in the last month
B80: =B71+0.01 -> 4.09 | C80: In the last month how much in total was deducted from your salary by your employer for airfare, visa, police check, medical services, and other costs to come to [w_hostc]?
C82: Per month, how much was deducted in total from your salary by your employer for airfare, visa, police check, medical services, and other costs to go to [w_hostc]?
C84: INTERVIEWER: IF NONE WRITE "0" (ZERO), NON RESPONSE -1.
E85: AMOUNT | I85: [currency] | M85: CATI RANGE: MIN 0 MAX 99999, IF NON RESPONSE -1
C87: ="CATI: IF "&B80&"=0 GO TO "& '5. Remittances'!B7 &" OTHERWISE GO TO "&'4. Income & Exp'!B88&0 -> CATI: IF 4.09=0 GO TO 5.01 OTHERWISE GO TO 4.10
B88: =B80+0.01 -> 4.1 | C88: Do you consider the deductions excessive or unfair?
D89: 1 | E89: YES
D90: 2 | E90: NO
B92: =B88+0.01 -> 4.11 | C92: Would you rather pay the costs associated with the deductions yourself?
D93: 1 | E93: YES
D94: 2 | E94: NO

Sheet 5. Remittances
C1: SECTION 5. REMITTANCES
C3: The following questions are about the remittances you did to your household. All this information will be kept strictly confidential and it will be used only for statistical purposes.
C5: ="CATI: IF"&#REF!&" != 3 ASK THE FIRST QUESTION OTHERWISE THE SECOND QUESTION" -> #REF!
C6: CATI: IF w_hostc=610 SWOW [currency] AUD IF w_hostc=640 SHOW [currency] NZD
B7: 5.01 | C7: Have you sent money to your country since you arrived in [w_hostc] this trip?
C8: Did you sent money to your country while you were in [w_hostc] during the last trip?
D9: 1 | E9: YES
D10: 2 | E10: NO | I10: >> | J10: SECTION 6
B12: =B7+0.01 -> 5.02 | C12: How often do you send money to your country?
C13: INTERVIEWER: PROBE FOR THE LAST 2 TIMES SENT IF THE AMOUNT SENT CHANGED OVER TIME
D14: 1 | E14: WEEKLY
D15: 2 | E15: EVERY 2 WEEKS
D16: 3 | E16: ONCE A MONTH
D17: 4 | E17: ONCE EVERY 2-3 MONTHS
D18: 5 | E18: ONCE EVERY 4 MONTHS OR MORE
B20: =B12+0.01 -> 5.03 | C20: Normally how much did you send to your country each time?
C21: INTERVIEWER: IF THE AMOUNT SENT CHANGED OVER TIME, PROBE FOR THE AMOUNT THAT HAS BEEN SENT THE LAST TIME
E22: AMOUNT | I22: [currency] | L22: CATI RANGE: MIN 10 MAX 90000
B24: =B20+0.01 -> 5.04 | C24: Which main channel did you use to send money to your household?
D25: 1 | E25: ONLINE TRANSFER
D26: 2 | E26: OVER-THE-COUNTER TRANSFER
D27: 3 | E27: MOBILE WALLET
D28: 4 | E28: THROUGH FAMILY OR FRIENDS
D29: 97 | E29: OTHER (SPECIFY)
B31: =B24+0.01 -> 5.05 | C31: ="Why did you use ["&B24&"]?" -> Why did you use [5.04]?
D32: a | E32: CHEAPEST
D33: b | E33: FASTEST
D34: c | E34: EASIEST TO USE
D35: d | E35: ONLY CHANNEL I KNOW OF
D36: e | E36: MANY OTHER WORK MATES USE THIS CHANNEL
D37: f | E37: ONLY CHANNEL AVAILABLE AT HOME
D38: g | E38: ONLY CHANNEL AVAILABLE IN YOUR WORKPLACE AREA
D39: h | E39: SAFE
D40: i | E40: DON'T HAVE AN ACCOUNT ON BANKS
D41: z | E41: OTHER (SPECIFY)
B43: =B31+0.01 -> 5.06 | C43: Which bank or money transfer operator did you most usually use?
D44: 1 | E44: NAB
D45: 2 | E45: ANZ
D46: 3 | E46: COMMONWEALTH BANK OF AUSTRALIA
D47: 4 | E47: KIWI BANK
D48: 5 | E48: BNZ
D49: 6 | E49: ASB
D50: 7 | E50: WESTPAC
D51: 8 | E51: WESTERN UNION
D52: 9 | E52: MONEYGRAM
D53: 10 | E53: KLICKEX
D54: 11 | E54: KLICKEXPACIFIC
D55: 12 | E55: RIA MONEY TRANSFER
... D59: 97 | E59: OTHER (SPECIFY)
B61: =B43+0.01 -> 5.07 | C61: ="How is the fee determined by ["&B43&"] for the amount you send?" -> How is the fee determined by [5.06] for the amount you send?
D62: 1 | E62: A FEE DEPENDING ON THE SENT AMOUNT
D63: 2 | E63: A FIXED FEE, REGARDLESS OF THE SENT AMOUNT
D64: 3 | E64: BOTH, A FIXED FEE AND A FEE DEPENDING ON THE AMOUNT SENT
D65: 4 | E65: NO FEE
D66: 97 | E66: OTHER (SPECIFY) | J66: >> | K66: =B73 -> 5.09
D67: 98 | E67: DON`T KNOW | J67: >> | K67: =B73 -> 5.09
B69: =B61+0.01 -> 5.08 | C69: ="How much did it cost you to send money to your country by ["&B43&"]?" -> How much did it cost you to send money to your country by [5.06]?
C70: INTERVIEWER: IF NONE WRITE "0" (ZERO), NON RESPONSE -1.
D71: AMOUNT | H71: [currency] | K71: CATI RANGE: MIN 5 MAX 999, IF NON RESPONSE -1
B73: =B69+0.01 -> 5.09 | C73: Who in your country do you usually send money to?
D74: a | E74: SPOUSE / PARTNER
D75: b | E75: PARENTS
D76: c | E76: SIBLINGS
D77: d | E77: COUSINS, UNCLES / AUNTS, RELATIVES
D78: e | E78: CHILDREN
D79: f | E79: CHURCH
D80: z | E80: OTHER (SPECIFY)
B82: =B73+0.01 -> 5.1 | C82: What do you intend the money to be mainly spent on?
C83: INTERVIEWER: DO NOT READ OPTIONS AND MARK ALL THAT APPLIES. ASK: Anything else?
D84: a | E84: PAYING EVERYDAY EXPENSES (E.G. FOOD/BUS FARES)
D85: b | E85: PAYING SCHOOL FEES OR OTHER EDUCATIONAL EXPENSES
D86: c | E86: PAYING FOR HEALTH EXPENSES
D87: d | E87: BUYING DURABLE GOODS (E.G. TV, CAR, BOAT)
D88: e | E88: BUYING LIVESTOCK, FERTILIZERS, OR EQUIPMENT FOR FARMING OR FISHING
D89: f | E89: BUYING OR STARTING A SMALL BUSINESS
D90: g | E90: BUILDING OR RENOVATING DWELLING
D91: h | E91: REPAYING LOANS FROM BANKS, MONEY LENDERS, FAMILY OR FRIENDS
D92: i | E92: PUTTING INTO A SAVINGS ACCOUNT OR OTHER FORM OF FINANCIAL INVESTMENT
D93: j | E93: DONATING TO CHURCH
D94: z | E94: OTHER (SPECIFY)

Sheet 6. Migration
B1: 6 | C1: SECTION 6. MIGRATION, PROGRAM PARTICIPATION AND FUTURE PLANS
C3: Now I will ask for information regarding your participation in the program and your future plans
C4: ="CATI: IF "&#REF!&" != 3 ASK THE FIRST QUESTION OTHERWISE THE SECOND QUESTION" -> #REF!
B5: =B1+0.01 -> 6.01 | C5: Have you ever lived in a country other than your home country and other than [w_hostc] for at least 6 months?
D6: 1 | E6: YES
D7: 2 | E7: NO | I7: >> | J7: =B18 -> 6.03
B9: =B5+0.01 -> 6.02 | C9: In which countries?
C10: INTERVIEWER: DO NOT READ OPTIONS AND CHECK ALL THAT APPLIES
D11: a | E11: AUSTRALIA
D12: b | E12: NEW ZEALAND
D13: c | E13: USA
D14: d | E14: FIJI
D15: e | E15: SAMOA
D16: z | E16: OTHER (SPECIFY)
B18: =B9+0.01 -> 6.03 | C18: How did you learn about the [w_workp]?
C19: INTERVIEWER: DO NOT READ OPTIONS AND MARK ALL THAT APPLIES. ASK: Anything else?
D20: a | E20: FRIENDS / RELATIVES
D21: b | E21: VANUATU: VILLAGE CHIEF AREA SECRETARY | N21: >> | O21: =B33 -> 6.05
D22: c | E22: TONGA: VILLAGE CHIEF OWN OFFICER | N22: >> | O22: =O21 -> 6.05
D23: d | E23: KIRIBATI: VILLAGE CHIEF ISLAND CLERK OR TOWN MAYOR | N23: >> | O23: =O22 -> 6.05
D24: e | E24: THROUGH AN EMPLOYMENT AGENCY | N24: >> | O24: =O23 -> 6.05
D25: f | E25: PUBLIC ADVERTISEMENT | N25: >> | O25: =O24 -> 6.05
D26: z | E26: OTHER (SPECIFY) | N26: >> | O26: =O25 -> 6.05
B28: =B18+0.01 -> 6.04 | C28: Are they friends or relatives …
D29: a | E29: who worked in [w_workp]?
D30: b | E30: living in home country who did not participate in the [w_workp]?
D31: c | E31: who did not participate in the [w_workp]?
B33: =B28+0.01 -> 6.05 | C33: How many times in total have you participated in the [w_workp] program?
I34: CATI RANGE: MIN 1 MAX 15
B36: =B33+0.01 -> 6.06 | C36: Before this current trip, had you ever applied to work overseas in the Pacific Access Category (New Zealand)?
C37: Had you ever applied to work overseas in the Pacific Access Category (New Zealand)?
D38: 1 | E38: YES
D39: 2 | E39: NO
C41: ="CATI: IF w_workp != 1 GO TO "&B42&" OTHERWISE GO TO "&B48 -> CATI: IF w_workp != 1 GO TO 6.07 OTHERWISE GO TO 6.08
B42: =B36+0.01 -> 6.07 | C42: Had you ever applied to work overseas in the Seasonal Worker Programme (SWP)?
C43: Had you ever applied to work overseas in the Seasonal Worker Programme (SWP)?
D44: 1 | E44: YES
D45: 2 | E45: NO
C47: ="CATI: IF w_workp != 2 GO TO "&B48&" OTHERWISE GO TO "&B54 -> CATI: IF w_workp != 2 GO TO 6.08 OTHERWISE GO TO 6.09
B48: =B42+0.01 -> 6.08 | C48: Had you ever applied to work overseas in the Pacific Labour Scheme (PLS) in Australia?
C49: Had you ever applied to work overseas in the Pacific Labour Scheme (PLS) in Australia?
D50: 1 | E50: YES
D51: 2 | E51: NO
C53: ="CATI: IF w_workp!= 3 GO TO "&B54&" OTHERWISE GO TO "&B59&"0" -> CATI: IF w_workp!= 3 GO TO 6.09 OTHERWISE GO TO 6.10
B54: =B48+0.01 -> 6.09 | C54: Had you ever applied to work overseas in the Recognized Seasonal Employer Scheme in New Zealand (RSE)?
C55: Had you ever applied to work overseas in the Recognized Seasonal Employer Scheme in New Zealand (RSE)?
D56: 1 | E56: YES
D57: 2 | E57: NO
B59: =B54+0.01 -> 6.1 | C59: Had you ever applied to work in any other overseas program different than the SWP, PLS, and RSE?
D60: 1 | E60: YES
D61: 2 | E61: NO | I61: >> | J61: =B67 -> 6.12
B63: =B59+0.01 -> 6.11 | C63: Which was the program you applied?
J64: CATI: STRING VARIABLE WITH 150 CHARACTERES
C66: ="CATI: IF w_hcountry = 676 GO TO "&B67&" OTHERWISE "&B74 -> CATI: IF w_hcountry = 676 GO TO 6.12 OTHERWISE 6.13
B67: =B63+0.01 -> 6.12 | C67: In [w_hostc] do you know any Tongan ..
C68: In [w_hostc] did you know any Tongan …
D69: a | E69: from your family?
D70: b | E70: from your village but not a family member?
D71: c | E71: not from you village and not a family member?
C73: ="CATI VALIDATION: IF w_hcountry = 678 GO TO "&B74&" OTHERWISE "&B81 -> CATI VALIDATION: IF w_hcountry = 678 GO TO 6.13 OTHERWISE 6.14
B74: =B67+0.01 -> 6.13 | C74: In [w_hostc] do you know any Vanuatuan ..
C75: In [w_hostc] did you know any Vanuatuan …
D76: a | E76: from your family?
D77: b | E77: from your village but not a family member?
D78: c | E78: not from you village and not a family member?
C80: ="CATI VALIDATION: IF w_hcountry = 686 GO TO "&B81&" OTHERWISE "&B87 -> CATI VALIDATION: IF w_hcountry = 686 GO TO 6.14 OTHERWISE 6.15
B81: =B74+0.01 -> 6.14 | C81: In [w_hostc] do you know any i-Kiribati ..
C82: In [w_hostc] did you know any i-Kiribati …
D83: a | E83: from your family?
D84: b | E84: from your village but not a family member?
D85: c | E85: not from you village and not a family member?
B87: =B81+0.01 -> 6.15 | C87: Have you received financial help from any of the following, while in [w_hostc]?
C88: INTERVIEWER: READ EACH ITEM
D89: a | E89: NGOs
D90: b | E90: Diaspora community
D91: c | E91: Friends or relatives living in [w_hostc]
D92: d | E92: Church
D93: e | E93: NONE
C94: ="CATI: IF "&B87&" = NONE ALL THE REST SHOULD BE BLANK BLOCKING MESSAGE Check, none and other responses" -> CATI: IF 6.15 = NONE ALL THE REST SHOULD BE BLANK BLOCKING MESSAGE Check, none and other responses
B96: =B87+0.01 -> 6.16 | C96: Have you received non-financial help from any of the following, while in [w_hostc]?
C97: INTERVIEWER: READ EACH ITEM
D98: a | E98: NGOs
D99: b | E99: Diaspora community
D100: c | E100: Friends or relatives living in [w_hostc]
D101: d | E101: Church
D102: e | E102: NONE
C103: ="CATI: IF "&B96&" = NONE ALL THE REST SHOULD BE BLANK BLOCKING MESSAGE Check, none and other responses" -> CATI: IF 6.16 = NONE ALL THE REST SHOULD BE BLANK BLOCKING MESSAGE Check, none and other responses
B105: =B96+0.01 -> 6.17 | C105: What is your intention for the future…
C106: INTERVIEWER: READ EACH ITEM
D107: 1 | E107: work in the [w_workp] one time?
D108: 2 | E108: work in the [w_workp] more than one time?
D109: 3 | E109: work in the [w_workp] as many times as possible?
B111: =B105+0.01 -> 6.18 | C111: If you could choose, which option would you prefer …
D112: 1 | E112: move permanently to [w_hostc] with your family?
D113: 2 | E113: work in the [w_workp] for at least another season and then return to your home country?
D114: 3 | E114: return to your home country and stop working in [w_workp] after this trip?
B116: =B111+0.01 -> 6.19 | C116: Overall, how satisfied are you with the experience of working in [w_hostc]? Answer on a scale of 1 to 10, where 1= Not at all satisfied, 5= It was just ok, 10= Extremely satisfied
D118: 1 | E118: Not at all satisfied
D119: 2
D120: 3
...

Sheet 7. Communication
C1: SECTION 7. COMMUNICATION
C3: Now I will ask for information regarding channels of communication with your household while you were part of the program
B4: 7.01 | C4: How often do you communicate with your household while in [w_hostc]?
C5: How often did you communicate with your household while in [w_hostc]?
D6: 1 | E6: ONCE A WEEK OR MORE OFTEN
D7: 2 | E7: TWO OR THREE TIMES A MONTH
D8: 3 | E8: ONCE A MONTH
D9: 4 | E9: LESS THAN ONE A MONTH
D10: 5 | E10: NEVER | M10: >> | N10: SECTION 8
B12: =B4+0.01 -> 7.02 | C12: Do you use to communicate with your household ...
C13: Did you use to communicate with your household ...
C14: INTERVIEWER: READ ALL OPTIONS
D15: a | E15: Landline or mobile calls?
D16: b | E16: Text messaging apps that require internet?
D17: c | E17: Direct video or voice chat apps that require internet?
D18: d | E18: E-mail?
D19: z | E19: OTHER (SPECIFY)
B21: =B12+0.01 -> 7.03 | C21: What is the main reason you have chosen to use these channels?
D22: 1 | E22: MOST RELIABLE CONNECTIVITY
D23: 2 | E23: EASIEST TO USE
D24: 3 | E24: CHEAPEST
D25: 4 | E25: ONLY AVAILABLE OPTION
D26: 97 | E26: OTHER (SPECIFY)
B28: =B21+0.01 -> 7.04 | C28: What device do you usually use to communicate with your household?
C29: What device did you usually use to communicate with your household while in [w_hostc]?
D30: 1 | E30: SMART PHONE, I.E. WITH INTERNET CONNECTIVITY
D31: 2 | E31: BASIC MOBILE PHONE NON-SMART
D32: 3 | E32: LANDLINE | M32: >> | N32: SECTION 8
D33: 4 | E33: COMPUTER / LAPTOP | M33: >> | N33: SECTION 8
D34: 5 | E34: TABLET | M34: >> | N34: SECTION 8
B36: =B28+0.01 -> 7.05 | C36: Is that phone yours or shared by somebody else?
C37: Was that phone yours or shared by somebody else?
D38: 1 | E38: PHONE BELONGS TO THE RESPONDENT
D39: 2 | E39: SHARED BY SOMEBODY ELSE

Sheet 8. COVID-19
C1: SECTION 8. COVID-19
C3: ="CATI: IF "&'1. Sociodem'!B42&" YEAR >2019 GO TO " &'8. COVID-19'!B5 &" OTHERWISE GO TO NEXT SECTION" -> CATI: IF 1.13 YEAR >2019 GO TO 8.01 OTHERWISE GO TO NEXT SECTION
C4: The following questions are about COVID-19
B5: 8.01 | C5: While in [w_hostc], have you received any assistance from your employer or the government of [w_hostc] to cope with the COVID-19 situation and the quarantine, such as...
C7: INTERVIEWER: READ ALL OPTIONS
D8: a | E8: Extra cash?
D9: b | E9: Supermarket vouchers?
D10: c | E10: Provision of safety wear, face masks, hand sanitizer, or personal protective equipment?
D11: d | E11: Payment of COVID-19 testing?
D12: e | E12: .
D13: f | E13: .
D14: g | E14: NONE
D15: z | E15: Any other assistance? (specify)
D16: ="CATI: IF "&B5&" = NONE ALL THE REST SHOULD BE BLANK BLOCKING MESSAGE Check the options marked" -> CATI: IF 8.01 = NONE ALL THE REST SHOULD BE BLANK BLOCKING MESSAGE Check the options marked
B18: =B5+0.01 -> 8.02 | C18: Have you had to pay any expenses for…
D19: a | E19: COVID-19 testing before departure? | O19: >> | P19: =B28 -> 8.04
D20: b | E20: COVID-19 testing upon arrival? | O20: >> | P20: =B28 -> 8.04
D21: c | E21: Quarantine in your home country before departing to [w_hostc]? | O21: >> | P21: =B28 -> 8.04
D22: d | E22: Quarantine in [w_hostc] before starting working?
B24: =B18+0.01 -> 8.03 | C24: Did you incur any loss of earnings because of the quarantine in [w_hostc]?
D25: 1 | E25: YES
D26: 2 | E26: NO
B28: =B24+0.01 -> 8.04 | C28: In your current job, which measures are required by your employer to prevent COVID-19 transmission?
C29: INTERVIEWER: DO NOT READ OPTIONS AND MARK ALL THAT APPLIES. ASK: Anything else?
D30: a | E30: FREQUENT HAND WASHING
D31: b | E31: WEARING A MASK
D32: c | E32: USE OF GLOVES
D33: d | E33: SOCIAL DISTANCING
D34: e | E34: PERIODIC COVID-19 TESTING
D35: f | E35: COVID-19 VACCINATION
D36: g | E36: NONE
D37: ="CATI: IF "&B28&" = NONE ALL THE REST SHOULD BE BLANK BLOCKING MESSAGE Check, none and other responses" -> CATI: IF 8.04 = NONE ALL THE REST SHOULD BE BLANK BLOCKING MESSAGE Check, none and other responses
B39: =B28+0.01 -> 8.05 | C39: Have you received a COVID-19 vaccine?
D40: 1 | E40: YES
D41: 2 | E41: NO | I41: >> | J41: =B49 -> 8.07
B43: =B39+0.01 -> 8.06 | C43: How many doses?
D44: 1 | E44: ONE DOSE
D45: 2 | E45: TWO DOSES
D46: 3 | E46: MORE THAN TWO DOSES
C48: ="CATI: IF "&'3. Labor'!B51 &" =1 ASSIGN "&B49& " =2" -> CATI: IF 3.06 =1 ASSIGN 8.07 =2
B49: =B43+0.01 -> 8.07 | C49: Have you lost a previous job in [w_hostc] due to the shutdown of your previous employer?
D50: 1 | E50: YES
D51: 2 | E51: NO

Sheet 9. Social Impacts
C1: SECTION 9. SOCIAL IMPACTS
C3: Now I will ask for information regarding working and living conditions
C4: ="CATI: IF "&#REF!&" != 3 ASK THE FIRST QUESTION OTHERWISE THE SECOND QUESTION" -> #REF!
B5: =9.01 -> 9.01 | C5: In your opinion, how has your relationship with your children been affected by your participation in the [w_workp]?
D6: 1 | E6: POSITIVELY
D7: 2 | E7: NEGATIVELY
D8: 3 | E8: NO CHANGE
D9: 4 | E9: I HAVE NO CHILDREN
C11: ="CATI: IF "&'1. Sociodem'!B10&"0=2 OR 3 GO TO "&B12&" OTHERWISE GO TO "&B17 -> CATI: IF 1.10=2 OR 3 GO TO 9.02 OTHERWISE GO TO 9.03
B12: =B5+0.01 -> 9.02 | C12: In your opinion, how has your marital relationship changed since you participated in the [w_workp]?
D13: 1 | E13: POSITIVELY
D14: 2 | E14: NEGATIVELY
D15: 3 | E15: NO CHANGE
B17: =B12+0.01 -> 9.03 | C17: In case you need help or advice related to your working and living conditions in [w_hostc], do you know of anyone who could help you?
C18: When you needed help or advice related to your working and living conditions in [w_hostc], did you know of anyone who could help you?
D19: 1 | E19: YES
D20: 2 | E20: NO | H20: >> | I20: =B35 -> 9.05
B22: =B17+0.01 -> 9.04 | C22: Who are they?
C23: Who were they?
D24: a | E24: EMPLOYER
D25: b | E25: TEAM LEADER
D26: c | E26: FAMILY MEMBER OR RELATIVE CURRENTLY LIVING IN [w_hostc]
D27: d | E27: A FRIEND CURRENTLY LIVING IN [w_hostc]
D28: e | E28: LIAISON OFFICER
D29: f | E29: HOTLINE OF THE [w_hostc]
D30: g | E30: THE LABOR DEPARTMENT IN [w_hcountry]
D31: h | E31: THE EMBASSY OF [w_hcountry]
D32: i | E32: CHURCH GROUP OR NGO IN [w_hostc]
D33: j | E33: RECRUITMENT AGENT
B35: =B22+0.01 -> 9.05 | C35: In case you want to complain or report an issue related to your working or living conditions in [w_hostc], to whom would you complain or report... | L35: =B35+0.01 -> 9.06 | M35: Do you feel comfortable complaining or reporting issues on working or living conditions to…
C38: To complain or report an issue related to your working or living conditions in [w_hostc], to whom did you complain or report? | M38: Did you feel comfortable complaining or reporting issues on working or living conditions to...?
M41: 1 | N41: YES
M42: 2 | N42: NO
D44: a | E44: Employer?
D45: b | E45: Team leader?
D46: c | E46: Liaison officer?
D47: d | E47: Fair Work Ombudsman?
D48: e | E48: The labor department in [w_hcountry]?
D49: f | E49: The embassy of [w_hcountry]?
D50: g | E50: Church group or NGO in [w_hostc]?
D51: h | E51: Recruitment agent?
D52: i | E52: NONE
D53: ="CATI: IF "&B35&" = NONE ALL THE REST SHOULD BE BLANK BLOCKING MESSAGE Check, none and other responses" -> CATI: IF 9.05 = NONE ALL THE REST SHOULD BE BLANK BLOCKING MESSAGE Check, none and other responses
B55: =L35+0.01 -> 9.07 | C55: Have you ever complained or reported about issues on working or living conditions?
D56: 1 | E56: YES
D57: 2 | E57: NO
B59: =B55+0.01 -> 9.08 | C59: Are you satisfied with your current working conditions?
C60: Did you satisfy with your working condition in [w_hostc]?
D61: 1 | E61: YES | H61: >> | I61: =B81 -> 9.1
D62: 2 | E62: NO
B64: =B59+0.01 -> 9.09 | C64: What are you not satisfied with?
C65: What were you not satisfied with?
C66: INTERVIEWER: DO NOT READ OPTIONS - MARK ALL THAT APPLY - ASK Anything else?
D67: a | E67: THE WORK IS PHYSICALLY DEMANDING
D68: b | E68: WORKING HOURS ARE INCONVENIENT
D69: c | E69: EARNINGS ARE LOWER THAN EXPECTED
D70: d | E70: EMPLOYER DOES NOT PROVIDE SUFFICIENT PROTECTION AGAINST COVID-19
D71: e | E71: EMPLOYER DOES NOT PROVIDE SUFFICIENT PROTECTION AGAINST POTENTIAL WORK ACCIDENTS
D72: f | E72: REST TIME DURING WORK DAYS IS TOO SHORT
D73: g | E73: THE ENVIRONMENT IN THE WORK PLACE IS STRESSFUL
D74: h | E74: RULES IN THE WORK PLACE ARE TOO STRICT
D75: i | E75: EMPLOYER DOES NOT PROVIDE SUFFICIENT PASTORAL CARE
D76: j | E76: EMPLOYER DOES NOT TREAT WORKERS WELL
D77: k | E77: ACCOMODATION
D78: l | E78: DEDUCTIONS ARE TOO HIGH
D79: m | E79: DEDUCTIONS ARE NOT TRANSPARENT
B81: =B64+0.01 -> 9.1 | C81: In your current accommodation, do you have your own bathroom, not shared?
C82: At your place of accommodation when you were in [w-hostc], did you have your own bathroom, not shared?
D83: 1 | E83: YES
D84: 2 | E84: NO
B86: =B81+0.01 -> 9.11 | C86: In your current accommodation, do you have your own bedroom, not shared?
C87: At your place of accommodation when you were in [w-hostc], did you have your own bedroom, not shared?
D88: 1 | E88: YES
D89: 2 | E89: NO
B91: =B86+0.01 -> 9.12 | C91: In your current place of accommodation, how many bedrooms are there?
C92: At your place of accommodation when you were in [w-hostc], how many bedrooms are there?
K93: CATI RANGE: MIN 1 MAX 10
B95: =B91+0.01 -> 9.13 | C95: How many people in total live in your current place of accommodation?
C96: How many people lived in your place of accommodation when you were in [w-hostc]?
K97: CATI RANGE: MIN 1 MAX 30, IF NO RESPONSE -1
B99: =B95+0.01 -> 9.14 | C99: How far is your current accommodation from your place of work, in kilometers?
C100: How far was your current accommodation from your place of work, in kilometers?
D101: KILOMETERS | H101: , | K101: CATI RANGE: MIN 0 MAX 100, IF NO RESPONSE -1
B103: =B99+0.01 -> 9.15 | C103: How long does it usually take you to get from your place of accommodation to your place of work, in minutes?
C104: How long did it take you to get from your place of accommodation to your place of work, in minutes?
D105: MINUTES | K105: CATI RANGE: MIN 1 MAX 180, IF NO RESPONSE -1
B107: =B103+0.01 -> 9.16 | C107: Are you satisfied with your current accommodation?
C108: Were you satisfied with your place of accommodation when you were in [w-hostc]?
D109: 1 | E109: YES | H109: >> | I109: =B121 -> 9.18
D110: 2 | E110: NO
B112: =B107+0.01 -> 9.17 | C112: What are you not satisfied with?
C113: What were you not satisfied with?
C114: INTERVIEWER: READ ALL OPTIONS
D115: a | E115: ACCOMMODATION IS TOO CROWDED
D116: b | E116: ACCOMMODATION IS TOO FAR FROM THE WORK PLACE
D117: c | E117: ACCOMMODATION IS TOO EXPENSIVE
D118: d | E118: ACCOMMODATION HAS POOR AMENITIES
D119: z | E119: OTHER (SPECIFY)
B121: =B112+0.01 -> 9.18 | C121: During this trip, have you been fairly treated by your employer?
C122: Were you fairly treated by your employers while you were in [w_hostc]?
...

Sheet 10. Gender
C1: SECTION 10. GENDER
C3: The following questions are about your opinion regarding gender roles.
B4: 10.01 | C4: In general, do you agree or disagree with these statements?
C5: INTERVIEWER: PROBE WHETHER THE INFORMANT STRONGLY OR SOMEWHAT AGREE OR DISAGREE
D6: a | E6: A father’s major responsibility is to provide ﬁnancially for his children.
E7: 1 | F7: STRONGLY AGREE | K7: Strongly disagree
E8: 2 | F8: SOMEWHAT AGREE
E9: 3 | F9: NEITHER AGREE NOR DISAGREE
E10: 4 | F10: SOMEWHAT DISAGREE
E11: 5 | F11: STRONGLY DISAGREE
D13: b | E13: Some types of work are just not appropriate for women.
E14: 1 | F14: STRONGLY AGREE
E15: 2 | F15: SOMEWHAT AGREE
E16: 3 | F16: NEITHER AGREE NOR DISAGREE
E17: 4 | F17: SOMEWHAT DISAGREE
E18: 5 | F18: STRONGLY DISAGREE
D20: c | E20: Mothers should work only if necessary.
E21: 1 | F21: STRONGLY AGREE
E22: 2 | F22: SOMEWHAT AGREE
E23: 3 | F23: NEITHER AGREE NOR DISAGREE
E24: 4 | F24: SOMEWHAT DISAGREE
E25: 5 | F25: STRONGLY DISAGREE
D27: d | E27: The husband is expected to work outside the home, while the wife is expected to take on domestic duties.
E28: 1 | F28: STRONGLY AGREE
E29: 2 | F29: SOMEWHAT AGREE
E30: 3 | F30: NEITHER AGREE NOR DISAGREE
E31: 4 | F31: SOMEWHAT DISAGREE
E32: 5 | F32: STRONGLY DISAGREE
D34: e | E34: For many important jobs, it is better to choose men instead of women.
E35: 1 | F35: STRONGLY AGREE
E36: 2 | F36: SOMEWHAT AGREE
E37: 3 | F37: NEITHER AGREE NOR DISAGREE
E38: 4 | F38: SOMEWHAT DISAGREE
E39: 5 | F39: STRONGLY DISAGREE
B41: =B4+0.01 -> 10.02 | C41: Do you think men and women should participate in equal numbers in the [w_workp]?
D42: 1 | E42: YES
D43: 2 | E43: NO
D44: 98 | E44: DON’T KNOW
B46: =B41+0.01 -> 10.03 | C46: In the [w_workp], there are significantly fewer female workers than male workers. In your opinion, why is this?
D47: a | E47: Women do no want to work in the SWP / PLS / RSE
E48: 1 | F48: YES
E49: 2 | F49: NO
D50: b | E50: Women are discouraged from working by husband or parents
E51: 1 | F51: YES
E52: 2 | F52: NO
D53: c | E53: Women are worried about putting their reputation on the line for participating in SWP / PLS / RSE
E54: 1 | F54: YES
E55: 2 | F55: NO
D56: d | E56: Women prefer to take care of children and household
E57: 1 | F57: YES
E58: 2 | F58: NO
D59: e | E59: Women feel it is unsafe to travel, work and live abroad
E60: 1 | F60: YES
E61: 2 | F61: NO
D62: f | E62: Women don’t have the financial resources to pay for pre-departure costs
E63: 1 | F63: YES
E64: 2 | F64: NO
D65: g | E65: Australia and New Zealand employers discriminate against women
E66: 1 | F66: YES
E67: 2 | F67: NO
D68: h | E68: Local selection process discriminates against women
E69: 1 | F69: YES
E70: 2 | F70: NO
B72: =B46+0.01 -> 10.04 | C72: Since participating in the [w_workp], do you feel that you have greater control of your decisions and actions?
D73: 1 | E73: YES
D74: 2 | E74: NO
B76: =B72+0.01 -> 10.05 | C76: Since participating in the [w_workp], do you feel that you have greater control of your money and other economic / financial resources?
D77: 1 | E77: YES
D78: 2 | E78: NO
D79: 3 | E79: THE SAME
C81: ="CATI: IF w_hostc=610 GO TO "&B82&" OTHERWISE GO TO NEXT SECTION" -> CATI: IF w_hostc=610 GO TO 10.06 OTHERWISE GO TO NEXT SECTION
B82: =B76+0.01 -> 10.06 | C82: If allowed, would you have brought your family with you to [w_hostc]?
D83: 1 | E83: YES
D84: 2 | E84: NO | K84: >> | L84: SECTION 11
B86: =B82+0.01 -> 10.07 | C86: Why would you like to bring your family?
C87: INTERVIEWER: READ ALL OPTIONS
D88: a | E88: TO AVOID FAMILY SEPARATION
D89: b | E89: SO MY SPOUSE/PARTNER CAN WORK
D90: c | E90: SO MY CHILDREN CAN BE EDUCATED IN AUSTRALIA
D91: e | E91: BETTER OPPORTUNITIES TO LIVE
D92: z | E92: OTHER (SPECIFY)
